 Dungeon Crawl Stone Soup version 0.31-a0-859-g9dce7d3444 (webtiles) character file.

Game seed: 5030856896159859081

18711 inmateoo the Cleaver (level 12, -11/162 HPs)
             Began as a Minotaur Fighter on Oct 9, 2023.
             Was an Initiate of Gozag.
             Killed by divine providence
             ... invoked by a meliai
              (13 damage)
             ... on level 12 of the Dungeon.
             The game lasted 00:11:15 (13862 turns).

inmateoo the Cleaver (Minotaur Fighter)            Turns: 13862, Time: 00:11:15

Health: -11/162    AC: 26    Str: 24    XL:     12   Next: 30%
Magic:  11/11      EV:  2    Int:  5    God:    Gozag
Gold:   933        SH: 16    Dex: 12    Spells: 11/11 levels left

rFire   + . .        s - +0 war axe (freeze)
rCold   + . .        D - +0 tower shield
rNeg    . . .        q - melded +4 scale mail of the Marlin {rPois}
rPois   +            (helmet currently unavailable)
rElec   .            v - melded +1 cloak
rCorr   .            I - melded +0 pair of gloves
SInv    .            z - melded +0 pair of boots
Will    .....        (no amulet)
Stlth   +            n - ring of protection from fire
HPRegen 0.47/turn    E - ring of protection from cold
MPRegen 0.12/turn

%: no passive effects
@: tree-form, gold aura
A: stationary, stasis, torment immunity, boosted hp, (horns 2), (retaliatory
headbutt)
a: Renounce Religion, Potion Petition, Call Merchant, Bribe Branch


You were on level 12 of the Dungeon.
You worshipped Gozag.
Gozag was pleased with you.
You were a tree.
You visited 1 branch of the dungeon, and saw 12 of its levels.

You collected 2125 gold pieces.
You spent 33 gold pieces at shops.
You paid 1159 gold pieces to Gozag.

Inventory:

Hand Weapons
 s - a +0 war axe of freezing (weapon)
 t - a +1 heavy flail
Armour
 q - the +4 scale mail of the Marlin (melded) {rPois}
   (You found it on level 12 of the Dungeon)

   rPois:     It protects you from poison
 v - a +1 cloak (melded)
 z - a +0 pair of boots (melded)
 D - a +0 tower shield (worn)
 I - a +0 pair of gloves (melded)
Jewellery
 j - the ring "Barocif" {rPois rN+ Will- Int+4 SInv}
   (You found it on level 2 of the Dungeon)

   [ring of positive energy]

   Int+4:     It affects your intelligence (+4).
   rPois:     It protects you from poison rN+: It protects you from negative
   energy.
   Will-:     It decreases your willpower.
   SInv:      It lets you see invisible.
 n - a ring of protection from fire (left branch)
 E - a ring of protection from cold (right branch)
Wands
 a - a wand of paralysis (5)
 i - a wand of flame (66)
 A - a wand of roots (20)
Scrolls
 c - a scroll of fog
 f - 7 scrolls of teleportation
 m - 5 scrolls of revelation
 p - 2 scrolls of fear
 r - 4 scrolls of amnesia
 y - a scroll of poison
 C - 2 scrolls of vulnerability
 F - a scroll of torment {unknown}
 G - a scroll of identify
 H - a scroll of enchant weapon {unknown}
Potions
 d - a potion of might
 e - a potion of haste
 g - 6 potions of lignification
 h - 2 potions of heal wounds {unknown}
 k - a potion of cancellation {unknown}
 l - 3 potions of brilliance {unknown}
 o - a potion of magic {unknown}
 u - a potion of invisibility {unknown}
 w - 3 potions of ambrosia {unknown}
 x - a potion of attraction {unknown}
 B - 2 potions of degeneration {unknown}
 J - a potion of enlightenment {unknown}
Miscellaneous
 b - a phantom mirror


   Skills:
 + Level 10.8 Fighting
 * Level 14.4 Axes
 + Level 10.8 Armour
 + Level 9.0 Dodging
 + Level 10.5 Shields


You had 11 spell levels left.
You didn't know any spells.
Your spell library contained the following spells:

 Spells                   Type           Power      Damage    Failure   Level
 Foxfire                  Conj/Fire      0%         2x1d4     87%         1
 Ignite Poison            Fire/Tmut/Pois 0%         N/A       99%         3
 Summon Guardian Golem    Hex/Summ       0%         N/A       99%         3
 Fireball                 Conj/Fire      0%         3d3       100%        5
 Irradiate                Conj/Tmut      0%         3d11      100%        5
 Yara's Violent Unravell  Hex/Tmut       0%         3d3       100%        5
 Plasma Beam              Fire/Air       0%         2x1d10    100%        6
 Orb of Destruction       Conj           0%         9d5       100%        7
 Spellforged Servitor     Conj/Summ      0%         N/A       100%        7


Dungeon Overview and Level Annotations

Branches:
Dungeon (12/15)            Temple (0/1) D:6            Lair (0/5) D:8
    Orc (0/2) D:11

Altars:
Cheibriados
Dithmenos
Elyvilon
Gozag
Nemelex Xobeh
The Shining One

Shops:
D:2 !   D:10 :   D:12 (

Portals:
Trove: D:10 (give 2 scrolls of acquirement)


Innate Abilities, Weirdness & Mutations

You are a tree.
Your roots penetrate the ground, keeping you stationary.
You cannot be teleported.
You are immune to unholy pain and torment.
Your maximum health is greatly increased.
Your equipment is partially melded.
((You have a pair of horns on your head.))
((You reflexively headbutt those who attack you in melee.))


Message History

The meliai misses you. You furiously retaliate!
You headbutt the meliai.
You kill the meliai!
You are too injured to fight recklessly!
You block the meliai's attack. The meliai barely misses you.
Items here: $ )) [[.
You are too injured to fight recklessly!
You hit the meliai but do no damage. Your headbutt misses the meliai.
The meliai hits you with a +1 heavy hand axe!
You block the meliai's attack.
The meliai hits you with a +1 heavy hand axe!
* * * LOW HITPOINT WARNING * * *
The meliai stings you.
* * * LOW HITPOINT WARNING * * *
You turn into a tree.
Your +1 cloak melds into your body.
Your +0 pair of gloves melds into your body.
Your +0 pair of boots melds into your body.
The +4 scale mail of the Marlin {rPois} melds into your body.
Your roots penetrate the ground.
The meliai mumbles some strange prayers to its god against you.
Something smites you!
* * * LOW HITPOINT WARNING * * *
You block the two-headed ogre's attack.
The two-headed ogre hits you with a +0 giant club!
* * * LOW HITPOINT WARNING * * *
[a] 630 gold - Plog's Book Boutique [b] 668 gold - Gok Wala's Magic Scroll Emporium [c] 628 gold - Lovi's Weapon Shoppe Fund which merchant? [a] 630 gold - Plog's Book Boutique [b] 668 gold - Gok Wala's Magic Scroll Emporium [c] 628 gold - Lovi's Weapon Shoppe Fund which merchant?
Lovi invites you to visit her Weapon Shoppe.
The meliai calls down the wrath of its god upon you.
Something smites you!
* * * LOW HITPOINT WARNING * * *
The meliai calls down the wrath of its god upon you.
Something smites you!
You die...
Your body crumbles into a pile of gold.

## ##########
.#####........# ###
.'...#........# ##....
.###.>........####...?.
.# ###........##yO.# .#
#..........♣# .#
#........#### .#
#........# .#
#........# ##
####.##### #.# #..
##.####### ##
#........# ###........#


You could see a two-headed ogre and a meliai.

Vanquished Creatures
  A rakshasa (D:11)
  2 hydras (D:11)
  3 centaur warriors (D:11)
  2 two-headed ogres
  A tengu warrior (D:11)
  2 ugly things
  5 cyclopes
  A manticore (D:11)
  2 gargoyles
  An efreet (D:11)
  Jeremiah (D:7)
  3 trolls
  2 meliai (D:12)
  A polar bear (shapeshifter) (D:11)
  5 slime creatures
  Sigmund (D:5)
  A vampire (D:10)
  2 wraiths
  2 wyverns
  2 yaks (D:11)
  A basilisk (D:11)
  2 steam dragons (D:7)
  Menkaure (D:6)
  Edmund (D:5)
  4 acid dragons (D:11)
  2 water moccasins
  Duvessa (D:5)
  3 orc warriors (D:9)
  2 ice beasts
  A black bear (D:6)
  2 sky beasts
  3 ogres
  3 centaurs
  3 phantoms
  4 kobold brigands
  Blork the orc (D:5)
  5 bullfrogs
  A gnoll sergeant (D:11)
  A scorpion (D:6)
  12 wights
  Dowan (D:5)
  15 killer bees
  4 howler monkeys
  Crazy Yiuf (D:6)
  5 hounds
  2 jellies
  5 orc priests
  5 iguanas
  3 orc wizards
  4 sleepcaps
  Robin (D:3)
  4 adders
  5 gnolls
  A shadow imp (D:5)
  2 white imps
  An ufetubus (D:5)
  5 dart slugs
  23 orcs
  6 endoplasms
  A giant cockroach (D:1)
  9 goblins
  9 hobgoblins
  5 jackals
  10 quokkas
  6 ball pythons
  7 bats
  6 frilled lizards
  22 kobolds
  6 rats
267 creatures vanquished.

Notes
Turn   | Place    | Note
-------+----------+-------------------------------------------
     0 | D:1      | inmateoo the Minotaur Fighter began the quest for the Orb.
     0 | D:1      | Reached XP level 1. HP: 19/19 MP: 0/0
    75 | D:1      | Reached XP level 2. HP: 25/27 MP: 1/1
   155 | D:1      | Reached skill level 3 in Axes
   325 | D:1      | Reached skill level 1 in Dodging
   359 | D:1      | Reached XP level 3. HP: 27/33 MP: 2/2
   554 | D:2      | Found Keteog Hue's Distillery.
   563 | D:2      | Bought a potion of curing for 33 gold pieces
  1344 | D:2      | Identified the ring "Barocif" {rPois rN+ Will- Int+4 SInv}
  1458 | D:3      | Identified the +1 helmet "Qushroy" {Regen+}
  1458 | D:3      | Noticed Robin
  1469 | D:3      | Killed Robin
  1470 | D:3      | Reached XP level 4. HP: 32/40 MP: 3/3
  1569 | D:3      | Reached skill level 4 in Axes
  1587 | D:3      | Got an exquisite book
  1822 | D:3      | You fall into a shaft and drop 3 floors!
  1837 | D:6      | Noticed an ogre
  1844 | D:6      | Killed an ogre
  1845 | D:6      | Reached XP level 5. HP: 36/47 MP: 4/4
  1909 | D:5      | Entered Level 5 of the Dungeon
  1909 | D:5      | Noticed an ice beast
  2645 | D:4      | Reached skill level 5 in Axes
  2645 | D:4      | Reached XP level 6. HP: 52/53 MP: 5/5
  3595 | D:5      | Reached skill level 5 in Fighting
  3596 | D:5      | Reached skill level 5 in Armour
  3638 | D:5      | Reached skill level 5 in Shields
  3638 | D:5      | Reached XP level 7. HP: 57/61 MP: 6/6
  3658 | D:5      | Reached skill level 6 in Axes
  3685 | D:5      | Found an opulent altar of Gozag.
  3708 | D:5      | Noticed Duvessa
  3711 | D:5      | Noticed Dowan
  3721 | D:5      | Killed Duvessa
  3731 | D:5      | Noticed Blork the orc
  3857 | D:5      | Killed Dowan
  3866 | D:5      | Killed Blork the orc
  3987 | D:5      | Became a worshipper of Gozag Ym Sagoz the Greedy
  4185 | D:5      | Noticed Sigmund
  4194 | D:5      | Killed Sigmund
  4195 | D:5      | Reached skill level 7 in Axes
  4195 | D:5      | Reached XP level 8. HP: 61/70 MP: 7/7
  4210 | D:5      | Noticed Edmund
  4218 | D:5      | Killed Edmund
  4739 | D:6      | Found a sparkling altar of Nemelex Xobeh.
  4739 | D:6      | Found a snail-covered altar of Cheibriados.
  4765 | D:6      | Reached skill level 8 in Axes
  4776 | D:6      | Found a staircase to the Ecumenical Temple.
  5160 | D:6      | Reached XP level 9. HP: 78/78 MP: 8/8
  5261 | D:6      | Noticed Menkaure
  5267 | D:6      | Killed Menkaure
  5268 | D:6      | Reached skill level 5 in Dodging
  5474 | D:6      | Found a runed translucent door.
  5475 | D:6      | Noticed Crazy Yiuf
  5529 | D:6      | Killed Crazy Yiuf
  5804 | D:7      | Reached skill level 9 in Axes
  6292 | D:7      | Found a glowing golden altar of the Shining One.
  6307 | D:7      | Reached skill level 10 in Axes
  6387 | D:7      | Noticed Jeremiah
  6416 | D:7      | Paralysed by Jeremiah for 2 turns
  6428 | D:7      | Killed Jeremiah
  6808 | D:8      | Found a staircase to the Lair.
  6861 | D:8      | Reached XP level 10. HP: 77/88 MP: 9/9
  7018 | D:8      | Found a shadowy altar of Dithmenos.
  7394 | D:8      | Found a white marble altar of Elyvilon.
  7783 | D:9      | Reached skill level 11 in Axes
  7941 | D:9      | Noticed a cyclops
  7950 | D:9      | HP: 2/90 [cyclops (21)]
  7952 | D:9      | Killed a cyclops
  8234 | D:9      | Noticed a two-headed ogre
  8258 | D:9      | Killed a two-headed ogre
  8924 | D:10     | Entered Level 10 of the Dungeon
  8941 | D:10     | Found a portal to a secret trove of treasure.
  9465 | D:10     | Reached skill level 12 in Axes
  9528 | D:10     | Noticed a gargoyle
  9535 | D:10     | Killed a gargoyle
  9597 | D:10     | Found Vyask's Tremendous Tomes.
  9751 | D:10     | Reached XP level 11. HP: 84/97 MP: 10/10
  9903 | D:11     | Found a staircase to the Orcish Mines.
 10101 | D:11     | Noticed a centaur warrior
 10109 | D:11     | Killed a centaur warrior
 10277 | D:11     | Noticed a purple ugly thing
 10288 | D:11     | Killed a purple ugly thing
 10565 | D:11     | Noticed a centaur warrior
 10574 | D:11     | Killed a centaur warrior
 10666 | D:11     | Noticed an eight-headed hydra
 10667 | D:11     | Noticed a seven-headed hydra
 10680 | D:11     | Killed an eight-headed hydra
 10681 | D:11     | Reached skill level 13 in Axes
 10681 | D:11     | Noticed a tengu warrior
 10684 | D:11     | Noticed a centaur warrior
 10685 | D:11     | Killed a seven-headed hydra
 10948 | D:11     | Noticed a two-headed ogre
 10991 | D:11     | Killed a two-headed ogre
 10992 | D:11     | Reached skill level 10 in Fighting
 10992 | D:11     | Reached skill level 10 in Armour
 11353 | D:11     | Found a sparkling altar of Nemelex Xobeh.
 11492 | D:11     | Identified the +5 long sword of Freehold {freeze, rCorr
                  | Dex+3}
 11910 | D:11     | Noticed a rakshasa
 12393 | D:11     | Killed a rakshasa
 12394 | D:11     | Reached skill level 10 in Shields
 12793 | D:11     | Killed a centaur warrior
 12891 | D:11     | Killed a tengu warrior
 12892 | D:11     | Reached XP level 12. HP: 67/107 MP: 11/11
 13032 | D:11     | Got a shiny book
 13215 | D:12     | Reached skill level 14 in Axes
 13278 | D:12     | Identified the +4 scale mail of the Marlin {rPois}
 13857 | D:12     | Noticed a two-headed ogre
 13862 | D:12     | HP: 2/162 [meliai/divine providence (13)]
 13862 | D:12     | Killed from afar by a meliai

Illustrated notes

Levels and vault maps discovered:
D:1:      dpeg_arrival_renting, layout_rooms
D:2:      layout_basic, serial_shops, nicolae_square_shop
D:3:      layout_loops_ring, wander_ebering_terrifying_dragon_lair, uniq_robin
D:4:      kennysheep_big_flooded_room, layout_loops_corners,
          kennysheep_decorative_pillar, kennysheep_generic_room_13
D:5:      layout_rooms, mainiacjoe_overflow_six_doors_small,
          sigmund_edmund_badplayer, uniq_blork_the_orc, uniq_duvessa
D:6:      layout_loops_ring, mainiacjoe_overflow_large_starburst,
          temple_statues, minmay_gold_behind_fungi, uniq_crazy_yiuf_cottage,
          uniq_menkaure
D:7:      layout_loops_ring, nicolae_tso_carved_into_rock, uniq_jeremiah
D:8:      layout_loops_cross, lemuel_coloured_pillars_altar,
          nicolae_dithmenos_shadow_blocks, dpeg_oklobed_lair
D:9:      layout_basic, minivault_16
D:10:     layout_roguey, enter_trove_2, nicolae_benzene_ring,
          nicolae_shop_i_like_big_books
D:11:     minmay_the_grid_triangle_9x9_recursive_3
          [minmay_the_grid_triangle_9x9_sprig,
          minmay_the_grid_triangle_9x9_thin_v,
          minmay_the_grid_triangle_9x9_shrine,
          minmay_the_grid_triangle_9x9_prize_center,
          minmay_the_grid_triangle_9x9_intruding_spiral,
          minmay_the_grid_triangle_9x9_cache,
          minmay_the_grid_triangle_9x9_empty,
          minmay_the_grid_triangle_9x9_corruption,
          minmay_the_grid_triangle_9x9_swiss_cheese], layout_stronghold,
          orc_0_dummy, nemelex_xobeh_ov_fountains_minmay
D:12:     layout_roguey

Skill      XL: |  1  2  3  4  5  6  7  8  9 10 11 12 |
---------------+-------------------------------------+-----
Axes           | 3 4 5 7 8 10 12 13 14 | 14.4
Dodging        | 1 2 3 4 6 7 8 9 |  9.0
Armour         | 4 5 6 8 9 10 | 10.8
Shields        | 4 5 6 7 8 10 | 10.5
Fighting       | 4 5 6 7 9 10 | 10.8

Action                     |  1- 3 |  4- 6 |  7- 9 | 10-12 || total
---------------------------+-------+-------+-------+-------++-------
  Melee: War axe           |    80 |   118 |   246 |   402 ||   846
         Headbutt          |    13 |    24 |    58 |   119 ||   214
         Flail             |       |       |       |     6 ||     6
 Invoke: Potion Petition   |       |       |       |     1 ||     1
         Call Merchant     |       |       |       |     1 ||     1
  Evoke: Wand              |       |       |       |    15 ||    15
    Use: Scroll            |     4 |     5 |     3 |     5 ||    17
         Potion            |       |       |       |     4 ||     4
   Stab: Distracted        |       |       |       |     1 ||     1
 Armour: Scale mail        |    34 |     1 |   180 |   292 ||   507
         Chain mail        |    26 |   121 |       |       ||   147
         Skin              |       |       |       |     1 ||     1
  Dodge: Dodged            |    32 |    49 |   117 |   177 ||   375
  Block: Buckler           |    12 |    28 |    42 |    19 ||   101
         Tower shield      |       |       |       |   229 ||   229

Table legend: (Time is in decaauts)
 A = Elapsed time spent in this place.
 B = Non-inter-level travel time spent in this place.
 C = Inter-level travel time spent in this place.
 D = Time resting spent in this place.
 E = Time spent auto-exploring this place.
 F = Levels seen in this place.
 G = Mean time per level.
                   A        B        C        D        E       F      G
               +--------+--------+--------+--------+--------+-----+--------+
         Total |  13933 |  13317 |    616 |   4444 |   6451 |  12 | 1161.1 |
       Dungeon |  13933 |  13317 |    616 |   4444 |   6451 |  12 | 1161.1 |
               +--------+--------+--------+--------+--------+-----+--------+

Top non-repeatable levels by time:
    D:11: 3425 daAuts
     D:9: 1341 daAuts
     D:4: 1337 daAuts
     D:6: 1306 daAuts
     D:7: 988 daAuts
     D:3: 929 daAuts
    D:10: 925 daAuts
     D:2: 923 daAuts
     D:5: 862 daAuts
     D:8: 804 daAuts
    D:12: 587 daAuts
     D:1: 501 daAuts
